 Dungeon Crawl Stone Soup version 0.31-a0-1511-g961fd35ebc (webtiles) character file.

Game seed: 10128401349720191996

162489 PlayingRandomsOnly the Warrior (level 17, -2/144 HPs)
             Began as a Black Draconian Shapeshifter on Dec 30, 2023.
             Was an Elder of Hepliaklqana.
             Killed from afar by a deep elf elementalist (23 damage)
             ... with a blast of rock fragments
             ... on level 1 of the Elven Halls.
             The game lasted 03:18:04 (28817 turns).

PlayingRandomsOnly the Warrior (DrSh)              Turns: 28817, Time: 03:18:05

Health: -2/144     AC: 16    Str: 28    XL:     17   Next: 22%
Magic:  24/24      EV: 13    Int: 11    God:    Hepliaklqana [****..]
Gold:   603        SH:  0    Dex:  6    Spells: 16/16 levels left

rFire   x .          .
                       - Unarmed
rCold   + . .        (no shield)
rNeg    + + +        (body armour unavailable)
rPois   .            (helmet restricted)
rElec   +            w - scarf {repulsion}
rCorr   .            (no gloves)
SInv    .            P - +2 pair of boots of Autumn {rN+++ Regen+ Str+3 Dex-4}
Will    +....        F - amulet of regeneration
Stlth   ++           g - +4 ring of protection
HPRegen 2.04/turn    W - ring of ice
MPRegen 0.19/turn

%: repel missiles
@: lethally poisoned (-2 -> -10), maw-form, flying, studying 2 skills
A: devouring maw, flying, reduced essence, breathe lightning, AC +9, unfitting
armour, big wings, electricity resistance, cold-blooded
a: Breathe Lightning, Begin Untransformation, Renounce Religion, Recall
Ancestor, Ancestor Identity, Transference, Idealise


You were on level 1 of the Elven Halls.
You worshipped Hepliaklqana.
Hepliaklqana was greatly pleased with you.
You were a creature with a mouth for a stomach.
You visited 6 branches of the dungeon, and saw 28 of its levels.
You also visited: Bailey and Gauntlet.

You collected 2959 gold pieces.
You spent 2356 gold pieces at shops.

Inventory:

Missiles
 f - 3 silver javelins
 p - 26 boomerangs (quivered)
 y - 5 throwing nets
Armour
 w - a scarf of repulsion (worn)
 P - the +2 pair of boots of Autumn (worn) {rN+++ Regen+ Str+3 Dex-4}
   (You found it in a Gauntlet)

   Str+3:     It affects your strength (+3).
   Dex-4:     It affects your dexterity (-4).
   rN+++:     It renders you almost immune to negative energy.
   Regen+:    It increases your rate of health regeneration.
 Q - the +0 cloak "Ivoinife" {rElec}
   (You found it in a Gauntlet)

   rElec:     It insulates you from electricity.
 R - an orb of guile
Jewellery
 g - a +4 ring of protection (left hand)
 z - a +4 ring of protection
 D - a ring of see invisible
 F - an amulet of regeneration (around neck)
 W - a ring of ice (right hand)
 Y - a ring of protection from fire
 Z - a ring of positive energy
Talismans
 c - a flux talisman
 A - a talisman of death
 O - a maw talisman (active)
Wands
 b - a wand of paralysis (11)
 h - a wand of mindburst (20)
 s - a wand of iceblast (8)
 E - a wand of polymorph (6)
 M - a wand of quicksilver (18)
 X - a wand of digging (18)
Scrolls
 d - 10 scrolls of teleportation
 e - 3 scrolls of immolation
 j - a scroll of torment
 k - 3 scrolls of revelation
 l - 2 scrolls of enchant armour
 q - 8 scrolls of noise
 t - 7 scrolls of fear
 v - a scroll of poison
 G - 2 scrolls of vulnerability
 J - a scroll of identify
 K - a scroll of brand weapon
 L - 2 scrolls of silence
 N - 3 scrolls of fog
Potions
 a - 3 potions of lignification
 i - 3 potions of enlightenment
 m - a potion of cancellation
 n - 6 potions of attraction
 o - 2 potions of magic
 u - 5 potions of berserk rage
 x - 9 potions of curing
 B - 4 potions of might
 C - 5 potions of brilliance
 S - 2 potions of haste
 T - 3 potions of heal wounds
 U - 2 potions of resistance
 V - a potion of ambrosia
Miscellaneous
 r - a tin of tremorstones (1/2)
 H - a lightning rod (4/4)
 I - a phantom mirror


   Skills:
 + Level 16.6 Fighting
 - Level 4.3 Throwing
 + Level 9.8 Dodging
 - Level 3.0 Stealth
 - Level 15.7 Unarmed Combat
 - Level 10.0 Invocations
 - Level 10.0 Evocations
 - Level 15.2 Shapeshifting


You had 16 spell levels left.
You didn't know any spells.
Your spell library contained the following spells:

 Spells                   Type           Power      Damage    Failure   Level
 Freeze                   Ice            0%         1d3       34%         1
 Call Imp                 Summ           0%         N/A       47%         2
 Cigotuvi's Dreadful Rot  Necr/Alch/Air  0%         N/A       47%         2
 Jinxbite                 Hex            0%         N/A       47%         2
 Lesser Beckoning         Tloc           0%         N/A       47%         2
 Scorch                   Fire           0%         2d5       47%         2
 Sublimation of Blood     Necr           0%         N/A       47%         2
 Frozen Ramparts          Ice            0%         1d1       71%         3
 Gell's Gravitas          Tloc           0%         N/A       71%         3
 Hailstorm                Conj/Ice       0%         3d5       71%         3
 Summon Ice Beast         Ice/Summ       0%         N/A       71%         3
 Teleport Other           Tloc           0%         N/A       71%         3
 Animate Dead             Necr           0%         N/A       98%         4
 Cause Fear               Hex            0%         N/A       98%         4
 Flame Wave               Conj/Fire      0%         2d4       98%         4
 Ignite Poison            Fire/Alch      0%         N/A       98%         4
 Leda's Liquefaction      Alch/Erth      0%         N/A       98%         4
 Petrify                  Alch/Erth      0%         N/A       98%         4
 Borgnjor's Vile Clutch   Necr/Erth      0%         N/A       100%        5
 Fireball                 Conj/Fire      0%         3d3       100%        5
 Freezing Cloud           Conj/Ice/Air   0%         6-21      100%        5
 Iskenderun's Battlesphe  Conj           0%         2d6       100%        5
 Metabolic Englaciation   Hex/Ice        0%         N/A       100%        5
 Yara's Violent Unravell  Hex/Alch       0%         3d3       100%        5
 Bombard                  Conj/Erth      0%         9d1       100%        6
 Death Channel            Necr           0%         N/A       100%        6
 Dispersal                Tloc           0%         N/A       100%        6
 Sculpt Simulacrum        Ice/Alch       0%         N/A       100%        6
 Summon Cactus Giant      Summ           0%         N/A       100%        6
 Enfeeble                 Hex            0%         N/A       100%        7
 Spellforged Servitor     Conj/Summ      0%         N/A       100%        7
 Summon Hydra             Summ           0%         N/A       100%        7
 Dragon's Call            Summ           0%         N/A       100%        9


Dungeon Overview and Level Annotations

Branches:
Dungeon (15/15)            Temple (0/1) D:4            Lair (5/5) D:10
  Swamp (3/4) Lair:3        Snake (2/4) Lair:3        Slime (0/5) Lair:4
    Orc (2/2) D:9             Elf (1/3) Orc:2        Vaults (0/5) D:14
 Depths (0/4) D:15         Bailey (visited)         Gauntlet (visited)

Altars:
Ashenzari
Dithmenos
Elyvilon
Fedhas
Gozag
Hepliaklqana
Kikubaaqudgha
Makhleb
Nemelex Xobeh
Qazlal
Sif Muna
Uskayaw
Xom
Zin
The Shining One
Jiyva

Shops:
D:11 *   D:13 (   Orc:2 [?*!   Snake:1 ::=

Portals:
Abyss: D:8

Annotations:
D:3 ogre
D:8 2 transporters, bezhaha's ghost, journeyman DjFE
Lair:3 exclusion: oklob plant


Innate Abilities, Weirdness & Mutations

You are a creature with a mouth for a stomach.
Your midsection houses a second, enormous mouth.
You are flying.
Your life essence is reduced to manifest your ancestor. (-10% HP)
You can breathe wild blasts of lightning.
Your glossy black scales are hard. (AC +9)
You cannot fit into any form of body armour.
Your large and strong wings let you fly.
You are resistant to electric shocks. (rElec)
You are cold-blooded and may be slowed by cold attacks.


Message History

The bolt of lightning hits you! You resist.
* * * LOW HITPOINT WARNING * * *
The +2 halberd of venom hits you!
* * * LOW HITPOINT WARNING * * *
You are more poisoned.
A deep elf pyromancer comes into view. It is wielding a +0 long sword.
You hear a shout! x3
Press: ? - help, v - describe, . - travel
Here: a +2 halberd of venom (almost destroyed)
The floor.
Aiming: Iceblast
Press: ? - help, Shift-Dir - straight line, f - deep elf zephyrmancer
Aim: a deep elf zephyrmancer, wielding a +0 rapier The mass of ice explodes!
The iceblast engulfs the deep elf zephyrmancer!!
The deep elf zephyrmancer is severely wounded.
The iceblast engulfs the deep elf zephyrmancer!!
You kill the deep elf zephyrmancer!
The iceblast engulfs the +2 halberd of venom!
The +2 halberd of venom partially resists.
The +2 halberd of venom falls from the air.
The iceblast engulfs you! You partially resist.
* * * LOW HITPOINT WARNING * * *
You feel extremely sick.
Menkaure slayer gestures at the deep elf zephyrmancer while chanting.
The deep elf zephyrmancer resists with some effort.
A deep elf elementalist comes into view.
It is wielding a +0 long sword.
You feel extremely sick.
Menkaure slayer casts a spell at the deep elf zephyrmancer.
The deep elf zephyrmancer resists with some effort.
The deep elf zephyrmancer hits Menkaure slayer with a +0 rapier.
You feel very sick.
Menkaure slayer hits the deep elf zephyrmancer with a +0 dagger of draining.
Menkaure slayer drains the deep elf zephyrmancer.
Menkaure slayer barely misses the deep elf zephyrmancer.
The deep elf zephyrmancer gestures wildly while chanting.
The deep elf zephyrmancer blinks!
The deep elf elementalist points next to you and mumbles some strange words.
The wall shatters!
The blast of rock fragments hits you!!
You die...

##### ###...###
##################.......#
.....R)..W....##..........
.....e.)#####.............
##ee##.)# ####.......... #
#..# #.......... ....
#.......... .....
#.......... ###..##
#.......... #..#
###........ #... #........


You could see the friendly Menkaure slayer the hexer, a deep elf elementalist
(repels missiles), a deep elf pyromancer and a deep elf zephyrmancer
(distracted, drained, ally target).

Vanquished Creatures
  2 thorn hunters
  2 fenstrider witches (Swamp:2)
  A frost giant (D:15)
  The ghost of Seic the Grappler, a journeyman DrSh of Yredelemnul (Lair:3)
  2 eleionomae
  5 bunyips
  Azrael (D:14)
  A fire dragon (D:15)
  Fannar (D:10)
  7 vault guards (D:14)
  4 catoblepae (Lair:5)
  11 hydras
  2 ghost crabs (Swamp:2)
  Erica (D:11)
  An anaconda (Snake:1)
  3 centaur warriors
  3 boulder beetles
  5 alligators
  8 two-headed ogres
  A naga warrior (Snake:1)
  3 dancing weapons (Elf:1)
  The ghost of TheCrane the Fighter, a novice DsFi of Okawaru (Lair:1)
  7 death yaks
  3 tengu warriors
  4 naga sharpshooters
  5 orc high priests (Orc:2)
  A spriggan berserker (Swamp:2)
  A deep elf knight (Elf:1)
  4 goliath frogs
  A skyshark (Lair:5)
  2 large abominations (Gauntlet)
  2 naga ritualists (Snake:1)
  4 spriggan druids
  7 orc knights (Orc:2)
  3 bog bodies
  A lindwurm (Lair:4)
  4 swamp dragons
  6 deep elf zephyrmancers (Elf:1)
  2 mana vipers (Snake:1)
  5 deep elf pyromancers
  6 will-o-the-wisps
  4 manticores
  4 salamanders (Snake:1)
  10 ugly things
  2 meliai (D:14)
  6 cyclopes
  4 elephants (Lair:3)
  9 black mambas
  An unseen horror (D:11)
  13 cane toads
  Maggie (Lair:1)
  2 naga magi (Snake:1)
  An orange demon (Orc:2)
  2 efreet
  A minotaur zombie (Gauntlet)
  A tengu conjurer (Gauntlet)
  5 rime drakes
  9 komodo dragons
  9 tyrant leeches
  A queen bee (Gauntlet)
  2 trolls
  6 hornets
  9 blink frogs
  4 dream sheep
  8 slime creatures (D:14)
  3 shadows
  5 small abominations (Gauntlet)
  3 wyverns
  A jumping spider (shapeshifter) (D:15)
  6 spriggans
  Sigmund (D:2)
  4 fire elementals (D:14)
  A yak (shapeshifter) (D:15)
  A wraith (D:12)
  73 yaks
  A fire bat (Orc:2)
  A vampire (D:13)
  2 basilisks
  3 steam dragons
  2 wargs
  5 vampire mosquitoes
  5 nagas (Snake:1)
  13 swamp worms
  An acid dragon (D:11)
  3 hell hounds
  2 water moccasins
  30 orc warriors
  3 swamp drakes
  An ice beast (D:6)
  10 wolves
  6 ogres
  A sky beast (D:7)
  A black bear (Lair:2)
  An ogre (shapeshifter) (D:14)
  3 centaurs
  22 bullfrogs
  5 gnoll sergeants (Bailey)
  5 scorpions
  3 hexers
  11 wights
  5 killer bees (Gauntlet)
  7 electric eels
  2 howler monkeys
  A crimson imp (Gauntlet)
  A bombardier beetle (D:2)
  A jelly (D:4)
  2 gnoll boudas (Bailey)
  26 orc priests
  7 hounds
  3 iguanas
  5 sleepcaps
  Jessica (D:2)
  14 orc wizards
  A hell rat (Lair:5)
  10 gnolls
  3 adders
  7 river rats (Lair:5)
  2 shadow imps
  2 white imps
  4 ufetubi (D:6)
  4 dart slugs
  2 ribbon worms (D:3)
  51 orcs
  9 endoplasms
  A giant cockroach (D:1)
  10 goblins
  8 hobgoblins
  3 jackals (D:2)
  5 quokkas
  6 ball pythons
  3 bats
  3 frilled lizards (D:3)
  8 kobolds
  8 rats
711 creatures vanquished.

Vanquished Creatures (collateral kills)
  The ghost of Amplified the Warmonger, a journeyman DsMo of Okawaru (D:11)
  A minotaur (Gauntlet)
  A vault guard (D:14)
  3 hydras
  An alligator (Swamp:2)
  2 two-headed ogres
  4 death yaks
  A naga sharpshooter (Snake:2)
  A goliath frog (Swamp:2)
  2 swamp dragons (Swamp:2)
  An orc knight (D:15)
  An ugly thing (D:15)
  A deep elf pyromancer (Elf:1)
  A deep elf zephyrmancer (D:11)
  An orc sorcerer (Elf:1)
  A salamander (Snake:1)
  An elephant (D:10)
  A black mamba (Lair:3)
  A guardian serpent (Lair:3)
  A meliai (D:14)
  2 naga magi (Snake:1)
  A slime creature (D:14)
  A smoke demon (Gauntlet)
  3 cane toads
  2 unseen horrors (D:11)
  2 komodo dragons
  A troll (D:11)
  2 polar bears
  A hornet (Swamp:2)
  A raiju (Orc:2)
  8 dream sheep
  3 blink frogs
  A spriggan (Swamp:2)
  17 yaks
  A human (shapeshifter) (D:13)
  2 basilisks
  A vampire mosquito (D:12)
  Menkaure (D:7)
  2 swamp worms
  3 nagas (Snake:1)
  7 water moccasins
  A black bear (D:10)
  5 orc warriors (Orc:2)
  4 wolves
  A kobold brigand (D:8)
  3 bullfrogs
  4 gnoll sergeants (Bailey)
  2 wights (D:10)
  A howler monkey (D:8)
  An electric eel (Lair:1)
  5 orc priests
  A crimson imp (Gauntlet)
  5 gnoll boudas (Bailey)
  2 sleepcaps
  5 orc wizards
  A hell rat (Lair:5)
  8 gnolls (Bailey)
  3 river rats (Lair:5)
  21 orcs
162 creatures vanquished.

Vanquished Creatures (others)
  An ogre mage (D:15)
  4 bloated husks
  28 hexers
  2 ancestors (D:6)
  8 foxfires
43 creatures vanquished.

Grand Total: 916 creatures vanquished

Notes
Turn   | Place    | Note
-------+----------+-------------------------------------------
     0 | D:1      | PlayingRandomsOnly the Draconian Shapeshifter began the
                  | quest for the Orb.
     0 | D:1      | Reached XP level 1. HP: 16/16 MP: 1/1
   249 | D:1      | Reached skill level 2 in Fighting
   351 | D:1      | Reached XP level 2. HP: 24/25 MP: 2/2
   656 | D:3      | Noticed a bombardier beetle
   678 | D:2      | Killed a bombardier beetle
   679 | D:2      | Reached skill level 3 in Fighting
   679 | D:2      | Reached XP level 3. HP: 28/31 MP: 3/3
   749 | D:2      | Found a faded altar of an unknown god.
   766 | D:2      | Noticed Jessica
   794 | D:2      | Killed Jessica
   795 | D:2      | Reached XP level 4. HP: 38/38 MP: 4/4
  1352 | D:2      | Noticed Sigmund
  1674 | D:3      | Noticed an ogre
  1777 | D:3      | Found a glowing silver altar of Zin.
  1933 | D:3      | Found a shimmering blue altar of Sif Muna.
  2065 | D:4      | Reached XP level 5. HP: 45/45 MP: 5/5
  2099 | D:4      | Reached skill level 5 in Shapeshifting
  2171 | D:5      | Entered Level 5 of the Dungeon
  2323 | D:2      | Killed Sigmund
  2324 | D:2      | Reached XP level 6. HP: 51/51 MP: 6/6
  2403 | D:4      | Found a hazy altar of Hepliaklqana.
  2408 | D:4      | Became a worshipper of Hepliaklqana the Forgotten
  2507 | D:4      | Found a staircase to the Ecumenical Temple.
  2595 | D:4      | Reached skill level 5 in Unarmed Combat
  3798 | D:3      | Reached skill level 4 in Fighting
  3798 | D:3      | Your scales start taking on a glossy black colour.
  3798 | D:3      | Reached XP level 7. HP: 60/60 MP: 7/7
  3798 | D:3      | Gained mutation: You are resistant to electric shocks.
                  | (rElec) [Black Draconian growth]
  4001 | D:3      | Identified the +0 leather armour of Kiofaduy {Regen+ Dex+2}
  4169 | D:5      | Reached skill level 5 in Fighting
  4217 | D:5      | Reached skill level 1 in Stealth
  5140 | D:5      | Reached XP level 8. HP: 62/68 MP: 8/8
  5227 | D:5      | Reached * piety under Hepliaklqana
  5723 | D:5      | Found a stormy altar of Qazlal.
  5972 | D:6      | Reached skill level 6 in Fighting
  6185 | D:6      | Reached skill level 7 in Fighting
  6188 | D:6      | Identified the +0 leather armour of Liberalism {Str+4}
  6855 | D:7      | Reached ** piety under Hepliaklqana
  6857 | D:7      | Remembered your ancestor Menkaure slayer as a hexer
  6873 | D:7      | Reached XP level 9. HP: 71/71 MP: 9/9
  7349 | D:7      | Noticed Menkaure
  7358 | D:7      | Killed Menkaure
  7791 | D:8      | Reached skill level 5 in Dodging
  7792 | D:8      | Noticed a two-headed ogre
  7814 | D:8      | Found a flagged portal.
  7823 | Bailey   | Entered a bailey
  8330 | Bailey   | Reached XP level 10. HP: 73/77 MP: 10/10
  8459 | Bailey   | Reached skill level 10 in Unarmed Combat
  8563 | D:8      | Killed a two-headed ogre
  8782 | D:8      | Found a transporter.
  8782 | D:8      | Found a transporter.
  8785 | D:8      | Found a one-way gate to the infinite horrors of the Abyss.
  8800 | D:8      | Noticed bezhaha's ghost (journeyman DjFE)
  8819 | D:8      | Noticed a large abomination
  8857 | D:8      | Reached *** piety under Hepliaklqana
  8927 | D:8      | Reached skill level 1 in Evocations
  9154 | D:8      | Found a sparkling altar of Nemelex Xobeh.
  9166 | D:8      | Noticed a cyclops
  9184 | D:8      | Killed a cyclops
  9728 | D:9      | Reached skill level 5 in Evocations
  9728 | D:9      | Reached skill level 1 in Invocations
  9789 | D:9      | Found a staircase to the Orcish Mines.
 10157 | D:9      | Found an opulent altar of Gozag.
 10167 | D:9      | Reached XP level 11. HP: 74/82 MP: 14/14
 10194 | D:9      | Identified the staff of Xecwukue {rElec rN+ Dex+2 Air}
 10415 | D:10     | Entered Level 10 of the Dungeon
 10617 | D:10     | Found a staircase to the Lair.
 10703 | D:10     | Found a blossoming altar of Fedhas.
 10703 | D:10     | Found an ancient bone altar of Kikubaaqudgha.
 10705 | D:10     | Found a broken altar of Ashenzari.
 10742 | D:10     | Found a hide-covered altar of Uskayaw.
 10744 | D:10     | Found a burning altar of Makhleb.
 10745 | D:10     | Found a shadowy altar of Dithmenos.
 10746 | D:10     | Noticed Fannar
 10757 | D:10     | Killed Fannar
 11048 | Lair:1   | Entered Level 1 of the Lair of Beasts
 11150 | Lair:1   | Reached **** piety under Hepliaklqana
 11165 | Lair:1   | Noticed a seven-headed hydra
 11737 | Lair:1   | Killed a seven-headed hydra
 11742 | Lair:1   | Reached skill level 10 in Shapeshifting
 11867 | Lair:1   | Reached XP level 12. HP: 76/90 MP: 15/15
 11885 | Lair:1   | Reached skill level 8 in Fighting
 11969 | Lair:1   | Found a runed translucent door.
 11969 | Lair:1   | Noticed a five-headed hydra
 11969 | Lair:1   | Noticed TheCrane's ghost (novice DsFi)
 11978 | Lair:1   | Killed a five-headed hydra
 12001 | Lair:1   | Killed TheCrane's ghost
 12053 | Lair:1   | Reached skill level 9 in Fighting
 12072 | Lair:1   | Noticed Maggie
 12081 | Lair:1   | Killed Maggie
 12332 | Lair:1   | Reached skill level 10 in Fighting
 12464 | Lair:1   | Reached skill level 5 in Invocations
 12900 | Lair:2   | Found a gate leading to a gauntlet.
 12919 | Lair:2   | Found a hazy altar of Hepliaklqana.
 12934 | Gauntlet | Entered a Gauntlet
 12934 | Gauntlet | Noticed a tengu warrior
 12934 | Gauntlet | Found a large runed translucent door.
 12934 | Gauntlet | Found a large runed translucent door.
 12934 | Gauntlet | Found a large runed translucent door.
 12934 | Gauntlet | Found a large runed translucent door.
 12934 | Gauntlet | Found a runed translucent door.
 12934 | Gauntlet | Found a large runed translucent door.
 12934 | Gauntlet | Found a large runed translucent door.
 12934 | Gauntlet | Found a transporter.
 12934 | Gauntlet | Found a transporter.
 12934 | Gauntlet | Found a large runed translucent door.
 12934 | Gauntlet | Found a large runed translucent door.
 12934 | Gauntlet | Found a runed translucent gate.
 12934 | Gauntlet | Found a runed translucent gate.
 12934 | Gauntlet | Found a transporter.
 12934 | Gauntlet | Found a transporter.
 12935 | Gauntlet | Found a runed translucent door.
 12935 | Gauntlet | Found a runed translucent gate.
 12942 | Gauntlet | Found a transporter.
 12947 | Gauntlet | Found a large runed translucent door.
 12947 | Gauntlet | Found a large runed translucent door.
 12948 | Gauntlet | Found a large runed translucent door.
 12953 | Gauntlet | Found a transporter.
 12953 | Gauntlet | Noticed an entropy weaver
 12970 | Gauntlet | Found a transporter.
 13022 | Gauntlet | Found a transporter.
 13032 | Gauntlet | Found a transporter.
 13047 | Gauntlet | Found a transporter.
 13057 | Gauntlet | Found a transporter.
 13109 | Gauntlet | Found a large runed translucent door.
 13109 | Gauntlet | Found a large runed translucent door.
 13110 | Gauntlet | Found a large runed translucent door.
 13111 | Gauntlet | Found a large runed translucent door.
 13111 | Gauntlet | Found a large runed translucent door.
 13213 | Gauntlet | Killed a tengu warrior
 13230 | Gauntlet | Identified the +2 pair of boots of Autumn {rN+++ Regen+
                  | Str+3 Dex-4}
 13353 | Gauntlet | Identified the +0 cloak "Ivoinife" {rElec}
 13378 | Gauntlet | Found a transporter.
 13745 | Gauntlet | Noticed a minotaur
 13749 | Gauntlet | Killed a minotaur
 14111 | Lair:2   | Reached XP level 13. HP: 101/101 MP: 19/19
 14927 | Lair:3   | Found a runed translucent gate.
 14927 | Lair:3   | Found a runed translucent gate.
 14929 | Lair:3   | Found a runed translucent gate.
 14933 | Lair:3   | Noticed Seic's ghost (journeyman DrSh)
 14943 | Lair:3   | Killed Seic's ghost
 15413 | Lair:3   | Reached ***** piety under Hepliaklqana
 15610 | Lair:3   | Found a staircase to the Swamp.
 15687 | Lair:3   | Found a staircase to the Snake Pit.
 15903 | Lair:3   | Reached skill level 15 in Unarmed Combat
 16167 | Lair:4   | Found a viscous altar of Jiyva.
 16168 | Lair:4   | Found a staircase to the Slime Pits.
 16445 | Lair:4   | Reached skill level 10 in Invocations
 16673 | Lair:4   | Reached skill level 11 in Fighting
 16967 | Lair:5   | Entered Level 5 of the Lair of Beasts
 17019 | Lair:5   | Gained mutation: Your large and strong wings let you fly.
                  | [Black Draconian growth]
 17019 | Lair:5   | Reached XP level 14. HP: 111/111 MP: 21/21
 17349 | Lair:5   | Reached skill level 12 in Fighting
 17586 | Lair:5   | Reached skill level 13 in Fighting
 17868 | Lair:5   | Reached skill level 14 in Fighting
 18419 | D:11     | Reached skill level 15 in Fighting
 18446 | D:11     | Noticed Erica
 18451 | D:11     | Killed Erica
 18753 | D:11     | Found a runed translucent gate.
 18755 | D:11     | Found a runed translucent gate.
 18755 | D:11     | Found an opulent altar of Gozag.
 18758 | D:11     | Found a runed translucent gate.
 18759 | D:11     | Found Kefaq's Assorted Antiques.
 18759 | D:11     | Noticed Amplified's ghost (journeyman DsMo)
 18768 | D:11     | Identified the +4 battleaxe of Gin and Tonic {heavy, *Slow
                  | rPois rF+++ MP+9}
 19066 | D:11     | Killed Amplified's ghost
 19136 | D:11     | Bought a tin of tremorstones (2/2) for 1480 gold pieces
 19525 | D:12     | You are sucked into a shaft and drop 2 floors!
 19541 | D:14     | Found a gate to the Vaults.
 19592 | D:14     | Reached XP level 15. HP: 106/126 MP: 19/22
 20053 | D:13     | Found Vizaippu's Weapon Emporium.
 20419 | D:12     | Reached skill level 10 in Evocations
 21158 | D:14     | Noticed Azrael
 21166 | D:14     | Killed Azrael
 21167 | D:14     | Reached skill level 1 in Throwing
 21387 | D:14     | Identified the ring of Luream {rElec rN+}
 21805 | D:15     | Entered Level 15 of the Dungeon
 22154 | D:15     | Found a broken altar of Ashenzari.
 22253 | D:15     | Found a glowing golden altar of the Shining One.
 22253 | D:15     | Found a glowing silver altar of Zin.
 22253 | D:15     | Found a white marble altar of Elyvilon.
 22645 | D:15     | Found a staircase to the Depths.
 22645 | D:15     | Noticed a frost giant
 22660 | D:15     | Killed a frost giant
 22939 | Snake:1  | Entered Level 1 of the Snake Pit
 23096 | Snake:1  | You are sucked into a shaft and drop 1 floor!
 23353 | Snake:1  | Identified the +8 falchion of Growth {heavy, *Noise rPois
                  | Will+}
 23989 | Snake:1  | Reached XP level 16. HP: 84/135 MP: 2/23
 24312 | Snake:1  | Found Dayj's Jewellery Shop.
 24312 | Snake:1  | Found Forasirph's Book Shoppe.
 24313 | Snake:1  | Found Voujys's Book Shoppe.
 24436 | Swamp:1  | Entered Level 1 of the Swamp
 25656 | Swamp:2  | Noticed a thorn hunter
 25670 | Swamp:2  | Killed a thorn hunter
 25958 | Swamp:2  | Paralysed by a fenstrider witch for 2 turns
 26416 | Swamp:3  | Noticed a thorn hunter
 26500 | Swamp:3  | Killed a thorn hunter
 26847 | Orc:1    | Entered Level 1 of the Orcish Mines
 26921 | Orc:2    | Entered Level 2 of the Orcish Mines
 26968 | Orc:2    | Found a staircase to the Elven Halls.
 27762 | Orc:2    | Reached XP level 17. HP: 73/142 MP: 19/24
 27840 | Orc:2    | Reached skill level 15 in Shapeshifting
 28141 | Orc:2    | Found Gogyit's Magic Scroll Boutique.
 28144 | Orc:2    | Found Woufuc's General Store.
 28145 | Orc:2    | Found Gaxuvujay's Antique Armour Boutique.
 28146 | Orc:2    | Found Hanunna's Distillery.
 28150 | Orc:2    | Bought 3 scrolls of identify for 78 gold pieces
 28150 | Orc:2    | Bought 3 scrolls of fear for 156 gold pieces
 28152 | Orc:2    | Bought a potion of heal wounds for 70 gold pieces
 28152 | Orc:2    | Bought 2 potions of haste for 280 gold pieces
 28152 | Orc:2    | Bought a potion of curing for 42 gold pieces
 28152 | Orc:2    | Bought a potion of berserk rage for 70 gold pieces
 28152 | Orc:2    | Bought a potion of enlightenment for 70 gold pieces
 28157 | Orc:2    | Bought a scroll of fog for 44 gold pieces
 28157 | Orc:2    | Bought a scroll of identify for 22 gold pieces
 28157 | Orc:2    | Bought a scroll of identify for 22 gold pieces
 28157 | Orc:2    | Bought a scroll of identify for 22 gold pieces
 28158 | Orc:2    | Identified a scroll of acquirement
 28160 | Orc:2    | Acquired a manual of Fighting
 28297 | Orc:2    | Found a shimmering altar of Xom.
 28471 | Elf:1    | Entered Level 1 of the Elven Halls
 28479 | Elf:1    | Reached skill level 16 in Fighting
 28817 | Elf:1    | Killed from afar by a deep elf elementalist

Illustrated notes

Levels and vault maps discovered:
D:1:      orjb1_clovarrival, layout_basic
D:2:      layout_basic, serial_co_window_serial, co_window_paths_a,
          co_window_of_opportunity_a, co_window_paths_b, co_window_corner_a,
          co_window_paths_a, co_window_of_opportunity_b, co_window_2corner,
          co_window_2corner, co_window_corner_b, co_window_broadway_a,
          co_window_2corner, co_window_corner_b,
          chequers_ecumenical_altar_simple_redux, uniq_jessica, uniq_sigmund
D:3:      minmay_chambers_of_threes, layout_rooms, amcnicky_altar_gilded,
          nicolae_sif_muna_little_library, minmay_misc_feat_alley,
          serial_park_tiny_2, kennysheep_generic_room_10
D:4:      layout_cave_pods, worldfamousw_hep_ancestral_shrine,
          minmay_temple_entry_trees
D:5:      layout_basic, nicolae_qazlal_eye_of_the_storm
D:6:      layout_rooms, chequers_big_river, nicolae_water_bricks
D:7:      layout_loops_corners, reono_crystal_passage, uniq_menkaure
D:8:      layout_basic, nemelex_diamond_rough_becter,
          gammafunk_ghost_abyssal_escape, enter_bailey_8, serial_library,
          serial_library_hellmonk_h_bend, serial_library_hellmonk_long_bookcase,
          serial_library_hellmonk_h_bend, serial_library_hellmonk_filled_rooms,
          serial_library_hellmonk_room_b,
          serial_library_regret_index_double_sided,
          serial_library_regret_index_double_sided,
          serial_library_hellmonk_small_alcove, minmay_misc_feat_chi,
          minmay_manual_monolith
D:9:      layout_basic, kennysheep_little_box, orc_0_dummy
D:10:     layout_cave_pools, grunt_temple_overflow_open,
          grunt_lair_entry_orc_guard_hut, chequers_serial_rivers_marsh,
          kennysheep_cross_room, glass_columns_a, uniq_fannar
D:11:     nicolae_cairo_tiling_large, layout_cross, ebering_ghost_gozag,
          hangedman_decor_diamond_cutter, uniq_erica
D:12:     layout_layer_cave
D:13:     layout_basic, serial_shops, shop_statue
D:14:     layout_irregular_city, erik_vaults_2, nicolae_benzene_ring,
          uniq_azrael
D:15:     grunt_enter_depths_snipers, layout_loops_cross, good_gods_mini_temple,
          ashenzari_altar_1
Lair:1:   layout_misc_corridors, serial_bayou, serial_bayou_pond_d,
          serial_bayou_ford_a, serial_bayou_lagoon_b, serial_bayou_shore_a,
          serial_bayou_lake_a, ebering_ghost_inner_flame,
          minmay_shattered_shrine, uniq_maggie
Lair:2:   layout_cave_pods, basic_altar, gauntlet_entry_generic,
          hangedman_lair_unloving_vines, grunt_forest_stairs_clearing
Lair:3:   layout_cave_pods, palyth_hydra_swamp_entry,
          minmay_snake_entry_spellcaster, ebering_ghost_rock_garden
Lair:4:   layout_cave_pods, slime_entry_1, lemuel_fruit_tree, grunt_megastairs_3
Lair:5:   evilmike_catoblepas_cave, layout_small_grid, kennysheep_rathole
Swamp:1:  layout_falls_marsh, evilmike_swamp_ruin_rubble_2, swamp_pool_1_2,
          infiniplex_staircase_pool
Swamp:2:  nzn_winding_woodlands_three_and_one
          [nzn_winding_woodlands_5x15_crooked,
          nzn_winding_woodlands_5x15_sawtooth,
          nzn_winding_woodlands_5x15_longhouse,
          nzn_winding_woodlands_center_garden], layout_basic_swamp,
          nicolae_swamp_some_circles, swamp_pool_1_2
Swamp:3:  cheibrodos_swamp_tower_of_moss, layout_basic_swamp,
          hangedman_swamp_ruin_wall
Snake:1:  layout_rooms, serial_bayou_pond_c, minmay_shop_grove
Snake:2:  layout_onion, gammafunk_ghost_split, grunt_megastairs_2
Orc:1:    layout_caves
Orc:2:    st_orc_pillars, layout_diamond_mine, basic_altar,
          regret_index_xom_of_box
Elf:1:    minmay_elf_arrival_circle, layout_loops_cross, serial_shops, shop,
          nicolae_elf_blasts_and_bolts

Skill      XL: |  1  2  3  4  5  6  7  8  9 10 11 12 13 14 15 16 17 |
---------------+----------------------------------------------------+-----
Fighting       | 2 3 4 5 7 10 11 15 16 | 16.6
Shapeshifting  | 4 5 6 7 10 14 15 | 15.2
Unarmed Combat | 4 5 6 9 11 12 15 | 15.7
Dodging        | 3 5 6 8 9 |  9.8
Stealth        | 3 |  3.0
Evocations     | 5 8 10 | 10.0
Invocations    | 4 8 10 | 10.0
Throwing       | 4 |  4.3

Action                     |  1- 3 |  4- 6 |  7- 9 | 10-12 | 13-15 | 16-18 || total
---------------------------+-------+-------+-------+-------+-------+-------++-------
  Melee: Unarmed           |    11 |       |   184 |   495 |   795 |   394 ||  1879
         Whip              |    31 |   127 |   105 |       |       |       ||   263
         Tailslap          |     3 |    16 |    49 |    92 |   146 |    66 ||   372
         Punch             |     1 |     4 |     6 |     4 |    72 |    33 ||   120
         Maw               |       |       |       |    29 |   291 |    93 ||   413
  Throw: Stone             |     4 |       |       |       |       |       ||     4
         Boomerang         |       |    16 |     8 |       |     9 |    48 ||    81
 Invoke: Ancestor Life: He |       |       |     1 |       |       |       ||     1
         Recall Ancestor   |       |       |     1 |       |    11 |     3 ||    15
         Ancestor Identity |       |       |     1 |       |       |       ||     1
         Transference      |       |       |       |     3 |    11 |     5 ||    19
         Idealise          |       |       |       |     2 |    12 |     2 ||    16
Ability: Breathe Lightning |       |       |    16 |     1 |       |     1 ||    18
  Evoke: Wand              |       |     1 |     2 |     4 |     7 |    13 ||    27
         Lightning rod     |       |       |       |     9 |    11 |    10 ||    30
         Phantom mirror    |       |       |       |     2 |       |       ||     2
         Tin of tremorston |       |       |       |       |     2 |     4 ||     6
    Use: Scroll            |       |       |     6 |    13 |    12 |    12 ||    43
         Potion            |       |       |       |     1 |     4 |     2 ||     7
   Stab: Confused          |       |       |     4 |     9 |    10 |     4 ||    27
         Distracted        |       |       |     1 |     5 |     4 |     3 ||    13
         Sleeping          |       |       |       |       |     4 |       ||     4
         Petrified         |       |       |       |       |     2 |       ||     2
         Petrifying        |       |       |       |       |     1 |       ||     1
         Paralysed         |       |       |       |       |    15 |    27 ||    42
 Armour: Skin              |    16 |    75 |   219 |   265 |   552 |   381 ||  1508
  Dodge: Dodged            |    22 |    63 |   232 |   292 |   318 |   217 ||  1144
         Repelled          |       |       |       |       |     1 |     8 ||     9
   Form: Flux              |       |       |     1 |     1 |       |       ||     2
         Maw               |       |       |       |     2 |       |     1 ||     3
         Death             |       |       |       |       |       |     1 ||     1

Table legend: (Time is in decaauts)
 A = Elapsed time spent in this place.
 B = Non-inter-level travel time spent in this place.
 C = Inter-level travel time spent in this place.
 D = Time resting spent in this place.
 E = Time spent auto-exploring this place.
 F = Levels seen in this place.
 G = Mean time per level.
                   A        B        C        D        E       F      G
               +--------+--------+--------+--------+--------+-----+--------+
         Total |  28469 |  26250 |   2219 |   3868 |  12448 |  30 |  949.0 |
       Dungeon |  14763 |  13433 |   1330 |   1304 |   7482 |  15 |  984.2 |
          Lair |   6598 |   6024 |    574 |    887 |   3237 |   5 | 1319.6 |
         Swamp |   2174 |   1945 |    229 |    494 |    540 |   3 |  724.7 |
     Snake Pit |   1397 |   1345 |     52 |    489 |    283 |   2 |  698.5 |
  Orcish Mines |   1581 |   1549 |     32 |    123 |    739 |   2 |  790.5 |
   Elven Halls |    343 |    343 |      0 |     84 |     74 |   1 |  343.0 |
        Bailey |    720 |    720 |      0 |    134 |     93 |   1 |  720.0 |
      Gauntlet |    890 |    890 |      0 |    352 |      0 |   1 |  890.0 |
               +--------+--------+--------+--------+--------+-----+--------+

Top non-repeatable levels by time:
  Lair:1: 1831 daAuts
     D:4: 1571 daAuts
     D:5: 1490 daAuts
     D:2: 1307 daAuts
 Snake:1: 1281 daAuts
 Swamp:2: 1256 daAuts
  Lair:5: 1229 daAuts
     D:8: 1204 daAuts
  Lair:3: 1184 daAuts
  Lair:2: 1182 daAuts
    D:12: 1178 daAuts
  Lair:4: 1170 daAuts
   Orc:2: 1127 daAuts
     D:3: 1075 daAuts
    D:14: 981 daAuts
